 Dungeon Crawl Stone Soup version 0.21-a0-615-g8e08f28 (webtiles) character file.

4670 Faca the Cleaver (level 10, 0/91 HPs)
             Began as a Minotaur Berserker on Nov 6, 2017.
             Was an Elder of Trog.
             Slain by a two-headed ogre
             ... wielding a +0 giant club
              (12 damage)
             ... on level 8 of the Dungeon on Dec 23, 2017.
             The game lasted 00:25:05 (7696 turns).

Faca the Cleaver (Minotaur Berserker)               Turns: 7696, Time: 00:25:06

Health: 0/91       AC: 18    Str: 22    XL:     10   Next: 21%
Magic:  9/9        EV:  8    Int:  4    God:    Trog [****..]
Gold:   249        SH:  0    Dex: 13    Spells: 9/9 levels left

rFire    . . .     SeeInvis .   v - +0 war axe
rCold    + . .     Gourm    .   (no shield)
rNeg     . . .     Faith    .   e - +0 plate armour
rPois    .         Spirit   .   (helmet restricted)
rElec    .         Reflect  .   g - +1 cloak
rCorr    .         Harm     .   (no gloves)
MR       .....                  (no boots)
Stlth    ..........             (no amulet)
HPRegen  0.25/turn              j - ring of protection from cold
MPRegen  0.11/turn              a - +2 ring of protection

@: no status effects
A: retaliatory headbutt, horns 2
a: Berserk, Trog's Hand, Brothers in Arms, Burn Spellbooks, Renounce Religion


You were on level 8 of the Dungeon.
You worshipped Trog.
Trog was greatly pleased with you.
You were not hungry.

You visited 1 branch of the dungeon, and saw 8 of its levels.

You collected 319 gold pieces.
You spent 70 gold pieces at shops.

Inventory:

Hand Weapons
 r - a +1 whip of flaming
 v - a +0 war axe (weapon)
Armour
 e - a +0 plate armour (worn)
 g - a +1 cloak (worn)
Jewellery
 a - a +2 ring of protection (right hand)
 j - a ring of protection from cold (left hand)
Wands
 h - a wand of flame (96)
 u - a wand of paralysis (15)
 w - a wand of iceblast (8)
Scrolls
 d - 3 scrolls of teleportation
 f - 5 scrolls of remove curse
 k - 2 scrolls of fog
 m - 6 scrolls of magic mapping
Potions
 b - 3 potions of berserk rage
 i - a potion of mutation
 l - 2 potions of resistance {unknown}
 n - 4 potions of flight
 o - 2 potions of lignification {unknown}
 p - a potion of haste {unknown}
 q - 2 potions of heal wounds
 s - 3 potions of curing
 t - 2 potions of experience {unknown}
Comestibles
 c - 2 rations


   Skills:
 + Level 9.1 Fighting
 + Level 12.6 Axes
 + Level 10.0 Armour
 - Level 2.5 Dodging
 - Level 0.3 Stealth


You had 9 spell levels left.
You didn't know any spells.

Dungeon Overview and Level Annotations

Branches:
Dungeon (8/15)             Temple (0/1) D:5            Lair (0/6) D:8

Altars:
Fedhas
Gozag
Kikubaaqudgha
Nemelex Xobeh
Okawaru
Qazlal
Uskayaw
Vehumet
Wu Jian

Shops:
D:4 }[!

Annotations:
D:8 Erica


Innate Abilities, Weirdness & Mutations

You reflexively headbutt those who attack you in melee.
You have a pair of horns on your head.


Message History

The two-headed ogre hits you with a giant club!
The two-headed ogre hits you with a giant spiked club!
The wolf bites you. The yak gores you but does no damage.
You slash the two-headed ogre!
The two-headed ogre is moderately wounded.
You hit the wolf. You hit the plant but do no damage. You barely miss the yak.
The wolf bites you but does no damage.
Your two-headed ogre hits the wolf with a giant club!!
The wolf dies!
Trog accepts your kill.
You hear a croak.
You barely miss the two-headed ogre.
The two-headed ogre is moderately wounded.
You barely miss the yak. You hit the plant. You miss something.
The yak closely misses you.
The porcupine bites your two-headed ogre!
The two-headed ogre hits you with a giant club!!
* * * LOW HITPOINT WARNING * * *
The two-headed ogre hits you with a giant spiked club!
You die...

##.. .... ..$.. .....
.....F
......##################
......Y............#....
......O@...............>
......†P....####.#..##..
.......O....# #.##.##..
P.....r†.......#.##..#..
.P.......##....#.###.#..
.>.......##....#.# #.#..
...P.....##....#.###....
........♣##....#........
..P... ....#........


You could see a two-headed ogre, a yak, a bullfrog, a porcupine and a friendly
two-headed ogre.

Vanquished Creatures
  Pikel (D:5)
  Joseph (D:7)
  Grinder (D:4)
  A slime creature (D:6)
  The ghost of fatnerd the Skirmisher, an amateur MiBe of Trog (D:3)
  Eustachio (D:4)
  A hungry ghost (D:8)
  A sky beast (D:7)
  A slave (D:5)
  2 ice beasts (D:7)
  3 orc warriors (D:7)
  A black bear (D:6)
  3 ogres
  2 centaurs
  A bullfrog (D:6)
  A scorpion (D:6)
  A howler monkey (D:4)
  2 crimson imps
  A centaur zombie (D:7)
  A bullfrog skeleton (D:5)
  4 hounds
  8 jellies
  2 iguanas
  Natasha (thrice) (D:2)
  An orc wizard (D:7)
  4 worker ants
  A killer bee zombie (D:5)
  A hound skeleton (D:6)
  Robin (D:4)
  8 gnolls
  2 howler monkey skeletons (D:7)
  8 adders
  16 oozes (D:6)
  An adder zombie (D:6)
  An adder skeleton (D:6)
  4 worms
  A dart slug (D:5)
  3 leopard geckos
  13 orcs
  6 giant cockroaches
  13 goblins
  12 hobgoblins
  6 jackals
  2 quokkas
  4 ball pythons
  12 bats
  3 frilled lizards
  9 kobolds
  11 rats
187 creatures vanquished.

Vanquished Creatures (collateral kills)
  Maurice (D:8)
  5 yaks (D:8)
  A porcupine (D:8)
  A wolf (D:8)
8 creatures vanquished.

Vanquished Creatures (others)
  5 fungi
  4 plants (D:8)
9 creatures vanquished.

Grand Total: 204 creatures vanquished

Notes
Turn   | Place    | Note
-------+----------+-------------------------------------------
     0 | D:1      | Faca the Minotaur Berserker began the quest for the Orb.
     0 | D:1      | Reached XP level 1. HP: 19/19 MP: 0/0
    60 | D:1      | Reached XP level 2. HP: 19/27 MP: 1/1
   148 | D:1      | Reached skill level 4 in Axes
   792 | D:1      | Reached XP level 3. HP: 33/33 MP: 2/2
  1011 | D:1      | Reached ** piety under Trog
  1221 | D:2      | Noticed Natasha
  1229 | D:2      | Killed Natasha
  1229 | D:2      | Reached XP level 4. HP: 30/41 MP: 3/3
  1688 | D:2      | Found a faded altar of an unknown god.
  1945 | D:2      | Noticed Natasha
  1951 | D:2      | Killed Natasha
  1951 | D:2      | Reached skill level 5 in Fighting
  1951 | D:2      | Reached skill level 5 in Axes
  1957 | D:2      | Noticed Natasha
  1965 | D:2      | Killed Natasha
  1965 | D:2      | Reached XP level 5. HP: 32/48 MP: 4/4
  2179 | D:3      | Noticed fatnerd's ghost (amateur MiBe)
  2191 | D:3      | Killed fatnerd's ghost
  2191 | D:3      | Reached skill level 6 in Axes
  2191 | D:3      | Reached XP level 6. HP: 56/56 MP: 5/5
  2362 | D:3      | Found an ancient bone altar of Kikubaaqudgha.
  2594 | D:3      | Reached *** piety under Trog
  2732 | D:4      | Noticed Grinder
  2747 | D:4      | Paralysed by Grinder for 2 turns
  2752 | D:4      | Killed Grinder
  2752 | D:4      | Reached skill level 7 in Axes
  2752 | D:4      | Reached skill level 5 in Armour
  2752 | D:4      | Reached XP level 7. HP: 57/62 MP: 6/6
  2884 | D:4      | Found Naif's Armour Shop.
  3032 | D:4      | Found Wieho's Gadget Shoppe.
  3052 | D:4      | Noticed Eustachio
  3069 | D:4      | Killed Eustachio
  3069 | D:4      | Reached skill level 8 in Axes
  3186 | D:4      | Found a blossoming altar of Fedhas.
  3205 | D:4      | Found Ufyemics's Distillery.
  3210 | D:4      | Bought a potion of heal wounds for 70 gold pieces
  3242 | D:4      | Noticed Robin
  3257 | D:4      | Received a gift from Trog
  3258 | D:4      | Killed Robin
  3359 | D:4      | Reached XP level 8. HP: 31/71 MP: 7/7
  4010 | D:4      | Found a sparkling altar of Nemelex Xobeh.
  4235 | D:4      | Upgraded the game from 0.21-a0-426-g98080a9 to 0.21-a0-615-g8e08f28
  4282 | D:5      | Entered Level 5 of the Dungeon
  4292 | D:5      | Noticed Pikel
  4323 | D:5      | Killed Pikel
  4323 | D:5      | Reached skill level 9 in Axes
  4404 | D:5      | Found an opulent altar of Gozag.
  4436 | D:5      | Found an iron altar of Okawaru.
  4487 | D:5      | Found a staircase to the Ecumenical Temple.
  4898 | D:5      | Reached skill level 10 in Axes
  5040 | D:5      | Found an ornate altar of the Wu Jian Council.
  5041 | D:5      | Found a radiant altar of Vehumet.
  5042 | D:5      | Found a hide-covered altar of Uskayaw.
  5327 | D:6      | Reached XP level 9. HP: 72/79 MP: 8/8
  5465 | D:6      | Found a stormy altar of Qazlal.
  5710 | D:6      | Reached **** piety under Trog
  6226 | D:7      | Reached skill level 11 in Axes
  6677 | D:7      | Found an iron altar of Okawaru.
  6805 | D:7      | Noticed Joseph
  6816 | D:7      | Killed Joseph
  7070 | D:7      | Reached skill level 12 in Axes
  7610 | D:8      | Reached XP level 10. HP: 83/90 MP: 9/9
  7630 | D:8      | Noticed Maurice
  7658 | D:8      | Killed Maurice
  7685 | D:8      | Found a staircase to the Lair.
  7686 | D:8      | Noticed a two-headed ogre
  7688 | D:8      | Noticed Erica
  7693 | D:8      | Reached skill level 10 in Armour
  7696 | D:8      | Slain by a two-headed ogre

Vault maps used:
D:1:      nicolae_arrival_memento_mori
D:2:      nicolae_overflow_hidden_temple, chequers_ecumenical_altar_simple,
          serial_park_tiny_pond, uniq_natasha
D:3:      lemuel_crystal_altar
D:4:      overflow_temple_1_default, nemelex_xobeh_ov_fountains_minmay,
          serial_shops, nicolae_shop_statue_plus, kennysheep_mini,
          kennysheep_little_box, uniq_eustachio, uniq_robin, uniq_grinder
D:5:      nicolae_overflow_crystal_walls, gammafunk_temple_overflow_forgotten,
          minmay_temple_entry_grid, first_ration, minmay_misc_feat_alley,
          hangedman_decor_growths, okawaru_metal_pillars_1_2, uniq_pikel
D:6:      lemuel_slime, nicolae_qazlal_eye_of_the_storm, minmay_door_square
D:7:      lemuel_round_altar, uniq_joseph
D:8:      grunt_temple_overflow_order_and_chaos_1, cheibrodos_worm_habitat,
          minmay_lair_entry_grove, serial_curves, eino_curves_01,
          eino_curves_03, eino_curves_03, uniq_maurice, uniq_grum, uniq_erica

Skill      XL: |  1  2  3  4  5  6  7  8  9 10 |
---------------+-------------------------------+-----
Fighting       | 4 5 6 7 8 9 |  9.1
Axes           | 4 5 6 7 8 10 12 | 12.6
Armour         | 3 4 5 6 8 9 10 | 10.0
Dodging        | |  2.5
Stealth        | |  0.3

Action                   |  1- 3 |  4- 6 |  7- 9 | 10-12 || total
-------------------------+-------+-------+-------+-------++-------
Melee: Hand axe          |    63 |   139 |   348 |       ||   550
       Headbutt          |    10 |    20 |   107 |     4 ||   141
       War axe           |       |       |    78 |    12 ||    90
Invok: Berserk           |       |     1 |     2 |       ||     3
       Burn Spellbooks   |       |       |     1 |       ||     1
       Brothers in Arms  |       |       |       |     1 ||     1
  Use: Scroll            |     2 |     6 |     7 |       ||    15
 Stab: Distracted        |       |       |       |     1 ||     1
  Eat: Chunk             |     1 |     2 |     1 |       ||     4
       Buggy jelly       |       |     2 |       |       ||     2
       Buggy fruit       |       |       |     3 |       ||     3
       Ration            |       |       |     3 |     1 ||     4
       Buggy ration      |       |       |     1 |       ||     1
Armor: Animal skin       |    10 |       |       |       ||    10
       Leather armour    |     7 |       |       |       ||     7
       Chain mail        |       |    58 |       |       ||    58
       Plate armour      |       |    16 |   220 |     8 ||   244
Dodge: Dodged            |    48 |    37 |   132 |     4 ||   221

Table legend:
 A = Spawn XP
 B = Non-spawn XP
 C = Spawn XP percentage of total XP
 D = Spawn monster count
 E = Non-spawn monster count
 F = Spawn count percentage of total count
 G = Total turns spent on level
                    A         B        C        D         E        F      G
               +---------+---------+-------+---------+---------+-------+---------
         Total |       0 |    6672 |   0.0 |       0 |     194 |   0.0 |  7696
               +---------+---------+-------+---------+---------+-------+---------
           D:1 |       0 |      47 |   0.0 |       0 |      31 |   0.0 |  1094
           D:2 |       0 |     161 |   0.0 |       0 |      20 |   0.0 |   942
           D:3 |       0 |     347 |   0.0 |       0 |      25 |   0.0 |   696
           D:4 |       0 |     996 |   0.0 |       0 |      33 |   0.0 |  1550
           D:5 |       0 |     931 |   0.0 |       0 |       7 |   0.0 |   863
           D:6 |       0 |    1153 |   0.0 |       0 |      36 |   0.0 |  1310
           D:7 |       0 |    1703 |   0.0 |       0 |      29 |   0.0 |  1122
           D:8 |       0 |    1334 |   0.0 |       0 |      13 |   0.0 |   119
               +---------+---------+-------+---------+---------+-------+---------
